 Dungeon Crawl Stone Soup version 0.18.1-48-g4cf74bf (webtiles) character file.

16660 Lovchig the Blocker (level 12, -6/108 HPs)
             Began as a Minotaur Fighter on Sept 9, 2016.
             Mangled by a titanic slime creature (67 damage)
             ... on level 12 of the Dungeon.
             The game lasted 00:38:36 (10755 turns).

Lovchig the Blocker (Minotaur Fighter)             Turns: 10755, Time: 00:38:36

Health: -6/108     AC: 20    Str: 32    XL:     12   Next: 12%
Magic:  9/9        EV: 15    Int:  5    God:
Gold:   613        SH: 16    Dex: 12    Spells: 0 memorised, 11 levels left

rFire  + + .     SeeInvis .     a - +3 war axe
rCold  . . .     Gourm    .     m - +1 plate armour
rNeg   . . .     Faith    .     c - +0 shield
rPois  .         Spirit   .     (helmet restricted)
rElec  .         Dismiss  .     e - +2 cloak
rCorr  .         Reflect  .     N - +0 pair of gloves of Kikubaaqudgha's Wrath {rF++ MR- Str+6}
SustAt +         Harm     +     S - +0 pair of boots
MR     .....                    u - amulet of harm
Stlth  ..........               w - ring of sustain attributes
                                r - +2 ring of evasion

@: not resistant to hostile enchantments, extremely unstealthy
A: retaliatory headbutt, horns 2, talons 1, repulsion field 1, large bone plates
1, agile 1, deformed body, low mp 1, shaggy fur 1, MP-powered wands
a: no special abilities


You were on level 12 of the Dungeon.
You were very hungry.

You visited 2 branches of the dungeon, and saw 13 of its levels.

You collected 716 gold pieces.
You spent 103 gold pieces at shops.

Inventory:

Hand Weapons
 a - a +3 war axe (weapon)
Armour
 c - a +0 shield (worn)
 e - a +2 cloak (worn)
 m - a +1 plate armour (worn)
 N - the +0 pair of gloves of Kikubaaqudgha's Wrath (worn) {rF++ MR- Str+6}
   (You found it on level 12 of the Dungeon)

   It affects your strength (+6).
   It greatly protects you from fire.
   It affects your resistance to hostile enchantments.
 S - a +0 pair of boots (worn)
Rods
 q - a -3 lightning rod (13/13)
   (You found it on level 10 of the Dungeon)
Jewellery
 p - an uncursed ring of ice
 r - a +2 ring of evasion (left hand)
 u - an amulet of harm (around neck)
 w - a ring of sustain attributes (right hand)
 C - an uncursed ring of protection from fire
Wands
 b - a wand of paralysis (22/24)
 y - a wand of disintegration (18/24)
 E - a wand of flame (6/48)
 G - a wand of random effects (37/48)
 H - a wand of polymorph (18/24)
 I - a wand of enslavement (19/24)
 K - a wand of confusion (10/48)
 L - a wand of flame (23/48)
 M - a wand of disintegration (13/24)
 Q - a wand of paralysis (8/24)
Scrolls
 g - 5 scrolls of remove curse
 j - a scroll of identify
 l - 3 scrolls of teleportation
 v - a scroll of blinking
 O - a scroll of amnesia
 P - a scroll of summoning {unknown}
 R - a scroll of fog
Potions
 d - 4 potions of might
 h - 3 potions of flight
 k - a potion of magic
 n - 4 potions of brilliance
 o - 2 potions of berserk rage
 s - 3 potions of haste
 z - a potion of agility
 B - 3 potions of curing
 J - a potion of resistance {unknown}
Miscellaneous
 A - a plain deck of escape
Comestibles
 f - 11 bread rations
 i - 3 slices of pizza
 t - 7 meat rations
 x - 14 fruits
 D - 7 beef jerkies
 F - 2 royal jellies


   Skills:
 * Level 10.6 Fighting
 * Level 12.1 Axes
 * Level 11.4 Armour
 * Level 6.7 Dodging
 + Level 0.5 Stealth
 * Level 12.4 Shields


You had 11 spell levels left.
You didn't know any spells.

Dungeon Overview and Level Annotations

Branches:
Dungeon (12/15)            Temple (1/1) D:7            Lair (0/8) D:9
    Orc: D:9-12

Altars:
Ashenzari
Cheibriados
Dithmenos
Elyvilon
Fedhas
Gozag
Kikubaaqudgha
Makhleb
Nemelex Xobeh
Pakellas
Sif Muna
Trog
Vehumet
Xom
Yredelemnul
Zin
The Shining One

Shops:
D:6 !   D:9 [*!(


Innate Abilities, Weirdness & Mutations

You reflexively headbutt those who attack you in melee.
You have a pair of horns on your head.
You have sharp toenails.
You are surrounded by a mild repulsion field (EV +2).
You are partially covered in large bone plates (AC +2, SH +2).
You are agile. (Dex +2)
Armour fits poorly on your strangely shaped body.
Your magical capacity is low (-10% MP).
You are covered in fur (AC +1).
You expend magic power (3 MP) to strengthen your wands.


Message History

You headbutt the titanic slime creature!!
The titanic slime creature is moderately wounded.
You hit the titanic slime creature.
Your headbutt misses the titanic slime creature.
The titanic slime creature is heavily wounded.
You block the titanic slime creature's attack.
You slice the titanic slime creature!!
You headbutt the titanic slime creature!
The titanic slime creature is heavily wounded.
You hit the titanic slime creature.
The titanic slime creature is heavily wounded.
The titanic slime creature hits you!!
You slash the titanic slime creature!
The titanic slime creature is severely wounded.
You block the titanic slime creature's attack.
You barely miss the titanic slime creature.
The titanic slime creature is severely wounded.
The titanic slime creature hits you!!!
Ouch! That really hurt!
You die...

#......# ##.≈#.#≈..##
#......######..≈...#.≈.
######....#.#..###.#.##
#....#..≈.....#.≈.
#....#≈..#...#⌠###
#.######..#≈.≈#)#≈ #.#
#≈≈#...).#^# #.#
##.##≈≈≈.#.≈ #@#
##..≈.≈#≈#. #J#
######.### #s.......
###..#.. .........
#....... .)....J...
#....### ...........
#....#.. #...........
#....#.. #...........
#....#.. #...........
##...#..


You could see a titanic slime creature and a scorpion.

Vanquished Creatures
  The ghost of DungeonMaster the Skirmisher, a novice CeAr (D:7)
  The ghost of Tiamon the Nimble, a novice DrBe of Trog (D:8)
  8 skeletal warriors
  A hill giant (D:11)
  2 ugly things
  Psyche (D:11)
  A gargoyle (D:11)
  A kobold demonologist (D:11)
  2 trolls
  4 slime creatures (D:12)
  6 yaks (D:11)
  Grum (D:8)
  A hippogriff (D:8)
  2 hungry ghosts (D:9)
  2 water moccasins
  2 orc warriors
  6 ice beasts
  A black bear (D:7)
  4 sky beasts
  6 phantoms
  7 ogres
  A necrophage (D:12)
  2 wolves (D:8)
  2 centaurs
  6 giant frogs
  2 big kobolds
  2 gnoll sergeants (D:11)
  A water moccasin zombie (D:9)
  2 scorpions
  9 killer bees
  6 wights
  4 electric eels (D:11)
  5 howler monkeys
  5 crimson imps
  A giant frog zombie (D:11)
  A quasit (D:9)
  2 jellies
  8 hounds
  A giant frog skeleton (D:6)
  4 orc priests
  A gnoll shaman (D:6)
  10 orc wizards
  2 centaur skeletons
  An iguana (D:12)
  7 worker ants
  13 gnolls
  16 adders
  3 shadow imps (D:9)
  3 oozes
  An adder skeleton (D:9)
  2 worms
  9 giant geckos
  37 orcs
  A ball python (D:8)
  2 giant cockroaches (D:1)
  11 goblins
  8 hobgoblins
  16 jackals
  27 kobolds
  2 quokkas
  A ball python skeleton (D:4)
  7 bats
  2 giant gecko skeletons
  2 giant gecko zombies
  5 giant newts
  A quokka skeleton (D:4)
  9 rats
  3 plants (D:1)
326 creatures vanquished.

Vanquished Creatures (others)
  A shadow (D:11)
  2 plants (D:11)
3 creatures vanquished.

Grand Total: 329 creatures vanquished

Notes
Turn   | Place    | Note
--------------------------------------------------------------
     0 | D:1      | Lovchig the Minotaur Fighter began the quest for the Orb.
     0 | D:1      | Reached XP level 1. HP: 19/19 MP: 0/0
   281 | D:1      | Reached XP level 2. HP: 26/27 MP: 1/1
   660 | D:1      | Reached XP level 3. HP: 22/33 MP: 2/2
  1429 | D:2      | Reached skill level 1 in Dodging
  1429 | D:2      | Reached XP level 4. HP: 40/40 MP: 3/3
  2480 | D:3      | Reached skill level 5 in Armour
  2501 | D:3      | Reached XP level 5. HP: 41/46 MP: 4/4
  2623 | D:3      | Reached skill level 5 in Shields
  3145 | D:4      | Reached XP level 6. HP: 53/53 MP: 5/5
  3587 | D:5      | Entered Level 5 of the Dungeon
  3587 | D:5      | Noticed an ice beast
  3605 | D:5      | Killed an ice beast
  3718 | D:5      | Reached skill level 5 in Fighting
  3718 | D:5      | Reached XP level 7. HP: 46/61 MP: 6/6
  3811 | D:5      | Found a glowing golden altar of the Shining One.
  3954 | D:5      | Reached skill level 5 in Axes
  4159 | D:6      | Found Nurph's Distillery.
  4373 | D:6      | Reached XP level 8. HP: 69/69 MP: 7/7
  4700 | D:6      | Found a shadowy altar of Dithmenos.
  5106 | D:7      | Found a staircase to the Ecumenical Temple.
  5134 | Temple   | Entered the Ecumenical Temple
  5292 | D:7      | Gained mutation: You have sharp toenails. [mutagenic meat]
  5293 | D:7      | Gained mutation: Your flesh is heat resistant. [mutagenic meat]
  5374 | D:7      | Reached XP level 9. HP: 43/78 MP: 8/8
  5389 | D:7      | Found a shattered altar of Ashenzari.
  5411 | D:7      | Noticed DungeonMaster's ghost (novice CeAr)
  5522 | D:7      | Killed DungeonMaster's ghost
  6032 | D:8      | Noticed Tiamon's ghost (novice DrBe)
  6051 | D:8      | Killed Tiamon's ghost
  6132 | D:8      | Noticed an angel
  6133 | D:8      | Found a glowing silver altar of Zin.
  6338 | D:8      | Reached XP level 10. HP: 85/89 MP: 9/9
  6431 | D:8      | Noticed Grum
  6441 | D:8      | Killed Grum
  6441 | D:8      | Reached skill level 5 in Dodging
  6503 | D:8      | Found a deep blue altar of Sif Muna.
  6879 | D:9      | Found Zica's Weapon Emporium.
  6975 | D:9      | Found a staircase to the Lair.
  7130 | D:9      | Reached skill level 10 in Shields
  7531 | D:9      | Found Efyfido's Antique Armour Shoppe.
  7538 | D:9      | Bought a pair of boots for 103 gold pieces
  7575 | D:9      | Found Fapsess's General Store.
  7775 | D:9      | Found Larphi Hele's Distillery.
  7901 | D:9      | Noticed a cyan ugly thing
  7912 | D:9      | Killed a cyan ugly thing
  7912 | D:9      | Reached skill level 10 in Armour
  7916 | D:9      | Gained mutation: You are surrounded by a mild repulsion field (EV +2). [mutagenic meat]
  7917 | D:9      | Lost mutation: Your flesh is heat resistant. [mutagenic meat]
  7918 | D:9      | Gained mutation: You expend magic power (3 MP) to strengthen your wands. [mutagenic meat]
  7919 | D:9      | Gained mutation: You are covered in fur (AC +1). [potion of beneficial mutation]
  7938 | D:10     | Entered Level 10 of the Dungeon
  8081 | D:10     | Reached skill level 10 in Axes
  8085 | D:10     | Gained mutation: You are agile. (Dex +2) [mutagenic meat]
  8086 | D:10     | Gained mutation: You are partially covered in large bone plates (AC +2, SH +2). [mutagenic meat]
  8087 | D:10     | Gained mutation: Armour fits poorly on your strangely shaped body. [mutagenic meat]
  8088 | D:10     | Gained mutation: Your magical capacity is low (-10% MP). [mutagenic meat]
  8723 | D:11     | Reached XP level 11. HP: 96/97 MP: 8/8
  8744 | D:11     | Noticed a skeletal warrior
  8757 | D:11     | Noticed a skeletal warrior
  8771 | D:11     | Killed a skeletal warrior
  8782 | D:11     | Killed a skeletal warrior
  8783 | D:11     | Noticed a skeletal warrior
  8800 | D:11     | Killed a skeletal warrior
  8801 | D:11     | Noticed a hill giant
  9089 | D:11     | Killed a hill giant
  9373 | D:11     | Reached skill level 10 in Fighting
  9464 | D:11     | Noticed Psyche
  9511 | D:11     | Killed Psyche
 10165 | D:12     | Noticed a skeletal warrior
 10168 | D:12     | Noticed a skeletal warrior
 10182 | D:12     | Killed a skeletal warrior
 10183 | D:12     | Noticed a skeletal warrior
 10186 | D:12     | Killed a skeletal warrior
 10188 | D:12     | Noticed a skeletal warrior
 10199 | D:12     | Killed a skeletal warrior
 10200 | D:12     | Noticed a skeletal warrior
 10204 | D:12     | Killed a skeletal warrior
 10218 | D:12     | Killed a skeletal warrior
 10218 | D:12     | Reached XP level 12. HP: 31/107 MP: 9/9
 10587 | D:12     | Found a shimmering altar of Xom.
 10621 | D:12     | Got a pair of ancient gloves
 10632 | D:12     | Identified the +0 pair of gloves of Kikubaaqudgha's Wrath {rF++ MR- Str+6} (You found it on level 12 of the Dungeon)
 10755 | D:12     | Mangled by a titanic slime creature

Skill      XL: |  1  2  3  4  5  6  7  8  9 10 11 12 |
---------------+-------------------------------------+-----
Shields        | 4 5 6 8 9 10 12 | 12.4
Armour         | 4 5 6 7 9 10 11 | 11.4
Fighting       | 4 5 6 8 9 10 | 10.6
Dodging        | 1 2 3 4 5 6 |  6.7
Axes           | 3 4 5 6 8 10 11 12 | 12.1
Stealth        | |  0.5

Action                   |  1- 3 |  4- 6 |  7- 9 | 10-12 || total
-------------------------+-------+-------+-------+-------++-------
Melee: War axe           |   134 |   203 |   334 |   497 ||  1168
       Headbutt          |    21 |    31 |    59 |   119 ||   230
       Kick              |       |       |    47 |    45 ||    92
  Use: Scroll            |     6 |     8 |     6 |     7 ||    27
       Potion            |       |       |       |     2 ||     2
  Eat: Chunk             |     2 |     8 |    11 |    25 ||    46
Armor: Scale mail        |    25 |       |       |       ||    25
       Plate armour      |    20 |   157 |   167 |   173 ||   517
       Chain mail        |     5 |       |       |       ||     5
Dodge: Dodged            |    30 |    48 |    71 |   145 ||   294
Block: Shield            |    71 |   109 |   176 |   302 ||   658
